 Dungeon Crawl Stone Soup version 0.29.1-1-gd02db6906a (webtiles) character file.

Game seed: 10777018939107153187

73 tardwrangler69 the Magician (level 4, -6/24 HPs)
             Began as a Deep Elf Earth Elementalist on Oct 4, 2022.
             Killed by divine providence
             ... invoked by an orc priest
              (8 damage)
             ... on level 3 of the Dungeon.
             The game lasted 00:02:06 (1795 turns).

tardwrangler69 the Magician (DEEE)                  Turns: 1795, Time: 00:02:06

Health: -6/24      AC:  5    Str:  5    XL:     4   Next: 8%
Magic:  8/12       EV: 12    Int: 22    God:
Gold:   147        SH:  0    Dex: 15    Spells: 11/12 levels left

rFire   . . .      SeeInvis .   (no weapon)
rCold   . . .      Faith    .   (no shield)
rNeg    . . .      Spirit   .   a - +0 robe
rPois   .          Reflect  .   (no helmet)
rElec   .          Harm     .   e - +2 cloak
rCorr   .          Rampage  .   (no gloves)
Will    .....                   (no boots)
Stlth   ++........              (no amulet)
HPRegen 0.08/turn               (no ring)
MPRegen 0.13/turn               (no ring)

@: no status effects
A: no striking features
a: no special abilities


You were on level 3 of the Dungeon.
You visited 1 branch of the dungeon, and saw 4 of its levels.

You collected 147 gold pieces.

Inventory:

Armour
 a - a +0 robe (worn)
 d - a +0 buckler
 e - a +2 cloak (worn)
Jewellery
 q - a +4 ring of evasion
Scrolls
 c - a scroll of teleportation {unknown}
 h - 3 scrolls of identify {unknown}
 i - 2 scrolls of noise {unknown}
 m - a scroll of magic mapping {unknown}
 p - a scroll of enchant armour {unknown}
 r - a scroll of torment {unknown}
 s - a scroll of enchant weapon {unknown}
Potions
 b - a potion of magic
 f - a potion of curing {unknown}
 g - a potion of brilliance {unknown}
 j - 3 potions of might {unknown}
 k - a potion of experience {unknown}
 l - a potion of flight {unknown}
 n - a potion of ambrosia {unknown}
 o - a potion of cancellation {unknown}
 t - a potion of berserk rage {unknown}


   Skills:
 - Level 2.4 Dodging
 - Level 2.4 Stealth
 + Level 4.7 Spellcasting
 - Level 1.1 Transmutations
 + Level 4.5 Earth Magic


You had 11 spell levels left.
You knew the following spells:

 Your Spells              Type           Power      Damage    Failure   Level
a - Sandblast             Erth           50%        2d12      1%          1

Your spell library contained the following spells:

 Spells                   Type           Power      Damage    Failure   Level
 Passwall                 Tmut/Erth      14%        N/A       4%          2
 Stone Arrow              Conj/Erth      30%        3d8       12%         3
 Petrify                  Tmut/Erth      17%        N/A       32%         4


Dungeon Overview and Level Annotations

Branches:
Dungeon (4/15)
 Temple: D:4-7

Altars:

Shops:
D:2 [


Message History

Casting: Sandblast (safe; 1% risk of failure)
Confirm with . or Enter, or press ? or * to list all spells.
Aiming: Sandblast (safe; 1% risk of failure)
Press: ? - help, Shift-Dir - straight line, f - endoplasm
Aim: an endoplasm (98% to hit)
The blast of sand hits the endoplasm!
You kill the endoplasm!
The orc priest looks braver for a moment.
Casting: Sandblast (safe; 1% risk of failure)
Confirm with . or Enter, or press ? or * to list all spells.
Aiming: Sandblast (safe; 1% risk of failure)
Press: ? - help, Shift-Dir - straight line, f - orc priest
Aim: an orc priest, wielding a +2 dagger of holy wrath and wearing a +0 ring mail (85% to hit)
The blast of sand hits the orc priest!
The orc priest is heavily wounded.
The orc priest closely misses you. The orc hits you but does no damage.
Casting: Sandblast (safe; 1% risk of failure)
Confirm with . or Enter, or press ? or * to list all spells.
Aiming: Sandblast (safe; 1% risk of failure)
Press: ? - help, Shift-Dir - straight line, f/p - orc priest
Aim: an orc priest, wielding a +2 dagger of holy wrath and wearing a +0 ring mail (heavily wounded, 85% to hit)
The blast of sand hits the orc priest but does no damage.
The orc priest is heavily wounded.
The orc shouts!
The orc priest mumbles some strange prayers to Beogh against you.
Pain shoots through your body!
* * * LOW HITPOINT WARNING * * *
The orc hits you from afar with a +0 spear.
* * * LOW HITPOINT WARNING * * *
The orc priest barely misses you.
Casting: Sandblast (safe; 1% risk of failure)
Confirm with . or Enter, or press ? or * to list all spells.
Aiming: Sandblast (safe; 1% risk of failure)
Press: ? - help, Shift-Dir - straight line, f/p - orc priest
Aim: an orc priest, wielding a +2 dagger of holy wrath and wearing a +0 ring mail (heavily wounded, 85% to hit)
The blast of sand hits the orc priest.
The orc priest is almost dead.
The orc priest invokes the aid of Beogh against you.
Beogh smites you!
You die...

#.# ##...### #.# ~~.
#....... #.# ~≈~.S
#....... #.# ~o~ #.......
..# ... ###...#.# .## ..#
#.#...... †# #o#
#.#...#.# .# ...######.#
#.#...#.#
.##########.....@o.#
#.#.).#.#
.........#########.#
#.......#
.#######.#########.#
####.###. ##
#...........# ####.##.#
#..#####.####
####........ #..#
#..#####........#.. ##.#
##.....##..#.##..##.
#.####..###..#..#.##..##.
#......##)#.......##..###


You could see an orc priest.

Vanquished Creatures
  3 adders (D:3)
  A worm (D:2)
  A dart slug (D:1)
  An orc (D:3)
  5 ball pythons
  6 bats
  6 endoplasms
  2 giant cockroaches
  A hobgoblin (D:2)
  2 quokkas
  2 frilled lizards
  5 goblins
  3 rats (D:1)
38 creatures vanquished.

Notes
Turn   | Place    | Note
-------+----------+-------------------------------------------
     0 | D:1      | tardwrangler69 the Deep Elf Earth Elementalist began the
                  | quest for the Orb.
     0 | D:1      | Reached XP level 1. HP: 10/10 MP: 6/6
   214 | D:1      | Reached XP level 2. HP: 14/15 MP: 5/8
   261 | D:1      | Found a faded altar of an unknown god.
   621 | D:2      | You fall into a shaft and drop 2 floors!
   637 | D:3      | Reached XP level 3. HP: 19/19 MP: 6/10
  1022 | D:2      | Found Tathieb's Armour Shop.
  1599 | D:3      | Reached XP level 4. HP: 24/24 MP: 10/12
  1795 | D:3      | Killed from afar by an orc priest

Illustrated notes

Levels and vault maps discovered:
D:1:      dpeg_arrival_simpleton_b, layout_rooms, ebering_ecumenical_altar_mist
D:2:      layout_loops_cross, serial_shops, shop_fountains,
          minmay_misc_feat_five
D:3:      layout_loops_cross, minitemple, gup_sewer_entry_bubbles,
          serial_rivers, chequers_serial_rivers_micro_b,
          chequers_serial_rivers_micro_d, chequers_serial_rivers_large_b,
          chequers_serial_rivers_small_3, minmay_bisected
D:4:      layout_loops_ring, chequers_jeans

Skill      XL: |  1  2 |
---------------+-------+-----
Spellcasting   | 4 |  4.7
Earth Magic    | 4 |  4.5
Dodging        | |  2.4
Stealth        | |  2.4
Transmutations | |  1.1

Action                   |  1- 3 |  4- 6 || total
-------------------------+-------+-------++-------
Melee: Unarmed           |     3 |       ||     3
 Cast: Sandblast         |    47 |     7 ||    54
Armor: Robe              |     6 |     1 ||     7
Dodge: Dodged            |    13 |     2 ||    15
